Map: [ESL] NeoHumanity

Players

herO

  • Race: Protoss Protoss
  • Spawn Location: 5:00

Creator - Winner!

  • Race: Protoss Protoss
  • Spawn Location: 11:00

Event: ESL SC2 Masters 2023 Summer (Finals)

VOD

Have the link to the VOD?

Description

Time

  • Played on: June 16, 2023, 1:32 p.m.
  • Length: 10:25

All games in this series

Show
View Real Time Build Order
Export as new Build Order

herO Protoss 

Build Orders: Oracle Opening, Blink Stalkers 

Get SALT Encoding   

  12  0:00  Probe  
  13  0:12  Probe  
  14  0:17  Pylon  
  14  0:24  Probe (Chrono Boost)  
  16  0:36  Probe (Chrono Boost), Gateway  
  16  0:43  Probe (Chrono Boost)  
  16  0:45  Assimilator  
  17  0:50  Probe  
  17  0:56  Assimilator  
  18  1:03  Probe (Chrono Boost)  
  19  1:07  Gateway  
  20  1:12  Probe (Chrono Boost)  
  20  1:17  Probe (Chrono Boost)  
  20  1:24  Cybernetics Core  
  21  1:29  Probe  
  22  1:37  Pylon  
  22  1:41  Probe  
  23  2:00  Adept, Warp Gate, Stalker  
  27  2:07  Pylon  
  27  2:25  Stargate  
  27  2:30  Adept x2  
  31  3:03  Nexus  
  29  3:07  Oracle (Chrono Boost)  
  29  3:08  Stalker  
  34  3:13  Probe  
  34  3:24  Twilight Council  
  34  3:27  Probe  
  35  3:39  Probe  
  36  3:46  Gateway  
  36  3:51  Probe  
  37  3:57  Blink (Chrono Boost)  
  37  4:03  Probe  
  38  4:10  Pylon  
  38  4:15  Probe  
  39  4:18  Stalker  
  41  4:24  Stalker  
  41  4:26  Probe  
  45  4:33  Gateway  
  45  4:38  Probe  
  46  4:47  Stalker x2  
  46  4:51  Stalker  
  50  5:00  Probe x2  
  52  5:12  Probe x2  
  53  5:17  Stalker x2  
  51  5:27  Stalker  
  53  5:41  Probe  
  54  5:45  Pylon  
  54  5:47  Pylon  
  54  5:59  Probe  
  51  6:05  Stalker x3  
  51  6:10  Probe  
  56  6:11  Probe  
  56  6:14  Stalker  
  57  6:19  Assimilator  
  57  6:22  Probe  
  48  6:33  Pylon, Stalker x3  
  48  6:35  Probe x2  
  48  6:37  Stalker  
  58  6:42  Robotics Facility  
  55  6:56  Stalker x2  
  55  6:59  Adept  
  55  7:01  Probe, Adept  
  57  7:11  Probe (Chrono Boost)  
  57  7:14  Probe (Chrono Boost)  
  57  7:22  Probe (Chrono Boost)  
  57  7:23  Probe (Chrono Boost)  
  57  7:27  Probe (Chrono Boost)  
  57  7:29  Probe, Observer (Chrono Boost), Assimilator  
  60  7:37  Adept  
  60  7:39  Pylon  
  60  7:44  Pylon  
  62  7:50  Shield Battery  
  62  7:57  Observer  
  65  7:58  Probe x2 (Chrono Boost)  
  65  8:05  Probe x2 (Chrono Boost)  
  65  8:12  Probe  
  65  8:13  Probe, Robotics Facility  
  65  8:14  Robotics Bay  
  65  8:15  Observer  
  65  8:19  Observer  
  68  8:25  Probe x2  
  66  8:37  Nexus, Probe x2  
  67  8:45  Stalker x3  
  67  8:47  Observer  
  73  8:58  Disruptor (Chrono Boost)  
  73  8:59  Pylon  
  77  9:05  Disruptor (Chrono Boost)  
  77  9:06  Pylon  
  78  9:15  Forge  
  78  9:17  Probe x2  
  78  9:18  Shield Battery  
  78  9:20  Observer  
  78  9:21  Shield Battery  
  78  9:23  Disruptor (Chrono Boost)  
  80  9:24  Observer  
  83  9:35  Probe x2  
  88  9:39  Disruptor (Chrono Boost), Pylon  
  88  9:48  Probe  
  88  9:49  Probe x2  
  91  9:52  Shield Battery  
  87  10:09  Stalker  
  87  10:10  Stalker x2  
  87  10:12  Probe x2  
  87  10:13  Probe  
Show
View Real Time Build Order
Export as new Build Order

Creator Protoss - Winner!

Build Orders: Phoenix Opening 

Get SALT Encoding   

  12  0:00  Probe  
  13  0:12  Probe  
  14  0:16  Pylon  
  14  0:24  Probe (Chrono Boost)  
  15  0:36  Probe (Chrono Boost), Gateway  
  16  0:43  Probe (Chrono Boost)  
  16  0:45  Assimilator  
  17  0:50  Probe  
  18  0:58  Assimilator  
  18  1:03  Probe (Chrono Boost)  
  19  1:07  Gateway  
  20  1:12  Probe (Chrono Boost)  
  20  1:17  Probe (Chrono Boost)  
  20  1:23  Cybernetics Core  
  21  1:29  Probe  
  22  1:35  Pylon  
  22  1:41  Probe  
  23  1:53  Probe  
  24  2:00  Stalker x2  
  28  2:01  Warp Gate  
  28  2:13  Pylon  
  28  2:29  Probe  
  29  2:30  Sentry  
  29  2:31  Sentry  
  33  2:44  Nexus  
  33  2:51  Shield Battery  
  33  2:54  Sentry  
  35  3:01  Stalker  
  35  3:05  Probe  
  38  3:11  Pylon  
  38  3:17  Probe  
  39  3:29  Probe, Twilight Council  
  39  3:39  Phoenix  
  39  3:40  Shield Battery  
  39  3:41  Probe (Chrono Boost)  
  40  3:49  Stalker  
  40  3:50  Probe (Chrono Boost)  
  43  3:55  Probe (Chrono Boost)  
  43  3:56  Probe  
  43  4:00  Stalker  
  43  4:01  Blink (Chrono Boost)  
  47  4:09  Probe  
  48  4:15  Stalker  
  50  4:22  Shield Battery  
  50  4:23  Probe (Chrono Boost)  
  50  4:24  Probe (Chrono Boost)  
  52  4:33  Probe (Chrono Boost)  
  52  4:35  Probe (Chrono Boost)  
  54  4:39  Robotics Facility  
  54  4:43  Probe  
  54  4:45  Gateway  
  55  4:51  Adept x2  
  59  4:58  Shield Battery  
  59  5:03  Probe x2  
  59  5:20  Stalker  
  61  5:24  Probe x2  
  61  5:27  Observer (Chrono Boost)  
  60  5:28  Pylon  
  60  5:29  Assimilator  
  60  5:36  Stalker  
  60  5:37  Shield Battery  
  60  5:41  Pylon  
  62  5:43  Pylon x2  
  62  5:46  Shield Battery  
  62  5:48  Zealot  
  64  5:50  Shield Battery  
  64  5:51  Zealot  
  66  5:59  Immortal  
  66  6:07  Stalker  
  68  6:13  Stalker  
  68  6:16  Probe x2  
  72  6:23  Adept  
  70  6:31  Adept  
  70  6:32  Probe x2  
  70  6:37  Forge, Stalker  
  72  6:43  Immortal (Chrono Boost)  
  72  6:49  Zealot  
  72  6:54  Stalker  
  72  6:56  Gateway  
  72  6:57  Pylon  
  74  7:02  Stalker  
  74  7:09  Probe x2, Stalker  
  74  7:12  Protoss Ground Weapons Level 1 (Chrono Boost)  
  76  7:16  Pylon  
  76  7:21  Probe x2  
  76  7:22  Assimilator  
  78  7:23  Pylon  
  78  7:25  Gateway  
  78  7:27  Stalker  
  80  7:38  Nexus  
  80  7:41  Probe x2  
  80  7:43  Sentry  
  84  7:49  Pylon, Observer  
  85  7:53  Stalker  
  85  7:56  Probe x2  
  89  8:01  Stalker  
  91  8:07  Phoenix, Shield Battery  
  91  8:08  Probe x2 (Chrono Boost)  
  93  8:13  Stalker  
  97  8:20  Probe x2 (Chrono Boost)  
  97  8:21  Charge (Chrono Boost)  
  97  8:23  Stalker  
  97  8:25  Probe x2 (Chrono Boost)  
  100  8:28  Observer  
  100  8:30  Photon Cannon  
  101  8:36  Photon Cannon  
  101  8:42  Stalker, Sentry  
  101  8:47  Gateway  
  105  8:48  Probe x2  
  105  8:52  Probe, Warp Prism (Chrono Boost)  
  110  9:01  Stalker  
  110  9:02  Stalker  
  114  9:07  Stalker  
  114  9:08  Stalker  
  118  9:20  Stalker  
  120  9:25  Stalker  
  120  9:26  Zealot  
  124  9:31  Stalker x2  
  124  9:32  Pylon x2  
  128  9:39  Pylon  
  128  9:41  Pylon  
  128  9:42  Zealot  
  128  9:44  Zealot  
  132  9:46  Photon Cannon  
  132  9:51  Zealot, Stalker  
  136  10:05  Stalker x2  
  136  10:06  Stalker x2  
  130  10:22  Stalker x2  
Tags
 
Add a new tag
Caveats
  • Supply blocks, unpowered buildings, or Contaminate may cause inaccurate times.
  • Supply counts are checked every 10 seconds.